 Dungeon Crawl Stone Soup version 0.30.0-5-g1a98f26d00 (webtiles) character file.

Game seed: 14326371903400768900

228 Pimp the Covered (level 6, -10/34 HPs)
             Began as a Tengu Fighter on May 10, 2023.
             Mangled by an ogre
             ... wielding a +0 giant spiked club
              (34 damage)
             ... on level 4 of the Dungeon.
             The game lasted 00:05:34 (3092 turns).

Pimp the Covered (Tengu Fighter)                    Turns: 3092, Time: 00:05:35

Health: -10/34     AC:  7    Str: 20    XL:     6   Next: 2%
Magic:  7/7        EV: 12    Int:  8    God:
Gold:   135        SH:  5    Dex: 14    Spells: 5/5 levels left

rFire   . . .        a - +0 long sword
rCold   . . .        c - +0 buckler
rNeg    . . .        b - +0 scale mail
rPois   .            (helmet restricted)
rElec   .            (no cloak)
rCorr   .            (no gloves)
SInv    .            (boots unavailable)
Will    .....        (no amulet) Stlth
                     (no ring)
HPRegen 0.25/turn    (no ring)
MPRegen 0.10/turn

%: no passive effects
@: flying quickly and evasively, quick
A: beak, talons 3, nimble flight, frail 1, strong 1, wild magic 1
a: no special abilities


You were on level 4 of the Dungeon.
You visited 1 branch of the dungeon, and saw 4 of its levels.

You collected 135 gold pieces.

Inventory:

Hand Weapons
 a - a +0 long sword (weapon)
Armour
 b - a +0 scale mail (worn)
 c - a +0 buckler (worn)
Jewellery
 l - a ring of fire
Wands
 k - a wand of paralysis (7)
 q - a wand of roots (7)
Scrolls
 h - a scroll of teleportation {unknown}
 j - 2 scrolls of fog {unknown}
 m - a scroll of blinking {unknown}
 n - 2 scrolls of fear {unknown}
 r - a scroll of acquirement {unknown}
 s - a scroll of enchant weapon {unknown}
 t - a scroll of identify
Potions
 d - a potion of might
 e - 2 potions of brilliance
 f - a potion of haste
 g - a potion of berserk rage
 i - a potion of curing {unknown}
 o - a potion of flight {unknown}
 p - a potion of magic {unknown}


   Skills:
 + Level 4.0 Fighting
 + Level 3.5 Long Blades
 + Level 4.4 Armour
 + Level 2.0 Dodging
 + Level 4.0 Shields


You had 5 spell levels left.
You didn't know any spells.
Your spell library was empty.

Dungeon Overview and Level Annotations

Branches:
Dungeon (4/15)
 Temple: D:4-7

Altars:
Makhleb
Wu Jian
Xom

Annotations:
D:4 2 runed translucent doors


Innate Abilities, Weirdness & Mutations

You have a beak for a mouth.
You have claws for feet.
Your magical nature lets you fly swiftly and evasively.
You are frail. (-10% HP)
Your muscles are strong. (Str +4, Int/Dex -1)
Your spells are a little harder to cast, but a little more powerful.


Message History

Your peck misses the hound. The hound closely misses you. The hound misses you.
You closely miss the hound. The hound bites you. The hound closely misses you.
You hit the hound. You peck the hound.
The hound is moderately wounded.
The hound misses you. The hound completely misses you.
You slash the hound! You claw the hound.
You kill the hound!
Your Fighting skill increases to level 4!
Your Dodging skill increases to level 2!
You have reached level 6!
Found a potion of brilliance.
The goblin hits you but does no damage.
You barely miss the goblin. You peck the goblin.
The goblin is heavily wounded.
The goblin misses you.
You barely miss the goblin. You peck the goblin.
You kill the goblin!
Things that are here:
a +0 dagger; a goblin corpse
e - 2 potions of brilliance (gained 1)
Things that are here:
a +0 dagger; a goblin corpse
n - 2 scrolls labelled ZIPAHEN EVUJA (gained 1)
An endoplasm comes into view.
The endoplasm quivers.
An endoplasm is nearby!
An endoplasm is nearby!
You hit the endoplasm but do no damage. You claw the endoplasm.
You kill the endoplasm!
Your Shields skill increases to level 4!
The howler monkey howls!
The killer bee buzzes angrily.
You reach down and open the door.
An ogre comes into view. It is wielding a +0 giant spiked club.
The ogre shouts!
You hear an angry hiss.
You hear a shout!
The ogre hits you with a +0 giant spiked club!
There is an open door here.
You hit the ogre.
The ogre is lightly wounded.
The ogre hits you with a +0 giant spiked club!!
Ouch! That really hurt!
You die...

##..............†.........#.
##.......######..######...###
#.......## #### ....
##......# ... ####...# .
#....# ## ##....# .##
#.....## #O# #..#...###@#
#..###.....##### ....
###..##8?}8 #+##
#####..#8.... #.##...+h....
#......+..... #......#8....
#####..##8=[8 ... ##.
#.##....##### ...#.#.


You could see an ogre.

Vanquished Creatures
  A sky beast (D:4)
  A hound (D:4)
  An orc wizard (D:3)
  An adder (D:3)
  3 dart slugs
  5 orcs
  4 endoplasms
  5 goblins
  4 hobgoblins
  7 kobolds
  3 quokkas
  7 ball pythons
  6 bats
  3 frilled lizards (D:1)
  7 rats
58 creatures vanquished.

Notes
Turn   | Place    | Note
-------+----------+-------------------------------------------
     0 | D:1      | Pimp the Tengu Fighter began the quest for the Orb.
     0 | D:1      | Reached XP level 1. HP: 14/14 MP: 2/2
   345 | D:1      | Reached XP level 2. HP: 19/19 MP: 3/3
   690 | D:1      | Reached XP level 3. HP: 23/23 MP: 4/4
  1724 | D:3      | Reached XP level 4. HP: 25/28 MP: 5/5
  1748 | D:3      | Gained mutation: Your spells are a little harder to cast,
                  | but a little more powerful. [potion of mutation]
  1748 | D:3      | Gained mutation: Your muscles are strong. (Str +4, Int/Dex
                  | -1) [potion of mutation]
  1748 | D:3      | Gained mutation: You are frail. (-10% HP) [potion of
                  | mutation]
  2203 | D:3      | Reached skill level 1 in Dodging
  2402 | D:3      | Found an ornate altar of the Wu Jian Council.
  2489 | D:3      | Found a shimmering altar of Xom.
  2762 | D:4      | Noticed a sky beast
  2778 | D:4      | HP: 1/25 [something (6)]
  2782 | D:4      | Killed a sky beast
  2783 | D:4      | Gained mutation: Your magical nature lets you fly swiftly
                  | and evasively. [Tengu growth]
  2783 | D:4      | Reached XP level 5. HP: 3/29 MP: 6/6
  2783 | D:4      | Found a burning altar of Makhleb.
  3019 | D:4      | Found a large runed translucent door.
  3020 | D:4      | Found a large runed translucent door.
  3028 | D:4      | Reached XP level 6. HP: 34/34 MP: 7/7
  3092 | D:4      | Mangled by an ogre

Illustrated notes

Levels and vault maps discovered:
D:1:      dpeg_arrival_castle, layout_basic, serial_forest,
          infiniplex_forest_lined_3, infiniplex_forest_lined_room_2,
          infiniplex_forest_diagonal, infiniplex_forest_3_way,
          infiniplex_forest_end_1, infiniplex_forest_clump_diagonal
D:2:      layout_loops_cross, nicolae_elevator_lobby_plus
D:3:      layout_basic, lemuel_tele_altar, nzn_wu_jian_contemplation
D:4:      layout_cave_pools, tso_altar, vehumet_crystals,
          mainiacjoe_overflow_swirl, eino_small_chamber_without_monster,
          minmay_hollow_rounded_squares

Skill      XL: |  1  2  3  4  5  6 |
---------------+-------------------+-----
Long Blades    | 3 |  3.5
Armour         | 4 |  4.4
Dodging        | 1 2 |  2.0
Fighting       | 4 |  4.0
Shields        | 4 |  4.0

Action                     |  1- 3 |  4- 6 || total
---------------------------+-------+-------++-------
  Melee: Long sword        |    70 |    56 ||   126
         Kick              |     9 |     7 ||    16
         Peck              |     5 |    12 ||    17
    Use: Scroll            |     2 |     1 ||     3
         Potion            |       |     4 ||     4
 Armour: Scale mail        |    45 |    26 ||    71
  Dodge: Dodged            |    25 |    21 ||    46
  Block: Buckler           |    17 |     4 ||    21
